 Dungeon Crawl Stone Soup version 0.26-a0-753-g4680b4fa2e (webtiles) character file.

Game seed: 13571205095504311506

186 Queen the Magician (level 5, -19/28 HPs)
             Began as a Deep Elf Ice Elementalist on Nov 7, 2020.
             Was an Initiate of the Shining One.
             Blown up by Ijyb (23 damage)
             ... with a disintegration bolt
             ... on level 3 of the Dungeon.
             The game lasted 00:11:46 (3198 turns).

Queen the Magician (Deep Elf Ice Elementalist)      Turns: 3198, Time: 00:11:46

Health: -19/28     AC:  3    Str:  5    XL:     5   Next: 38%
Magic:  9/15       EV: 14    Int: 21    God:    the Shining One [......]
Gold:   133        SH:  0    Dex: 15    Spells: 4/15 levels left

rFire    . . .     SeeInvis .   b - +0 dagger
rCold    . . .     Faith    .   (no shield)
rNeg     . . .     Spirit   .   a - +0 robe
rPois    .         Reflect  .   (no helmet)
rElec    .         Harm     .   n - +0 cloak
rCorr    .         Rampage  .   (no gloves)
MR       .....                  (no boots)
Stlth    +.........             (no amulet)
HPRegen  0.09/turn              (no ring)
MPRegen  0.14/turn              (no ring)

@: glowing
A: no striking features
a: Renounce Religion


You were on level 3 of the Dungeon.
You worshipped the Shining One.
The Shining One was noncommittal.
You visited 1 branch of the dungeon, and saw 3 of its levels.

You collected 133 gold pieces.

Inventory:

Hand Weapons
 b - a +0 dagger (weapon)
Armour
 a - a +0 robe (worn)
 n - a +0 cloak (worn)
Wands
 p - a wand of polymorph (8)
Scrolls
 c - a scroll of fear {unknown}
 g - 2 scrolls of identify {unknown}
 i - a scroll of immolation {unknown}
 j - a scroll of noise {unknown}
 k - a scroll of teleportation {unknown}
 o - a scroll of remove curse {unknown}
Potions
 d - 2 potions of haste {unknown}
 e - a potion of might {unknown}
 f - a potion of mutation {unknown}
 h - a potion of degeneration {unknown}
 l - a potion of berserk rage {unknown}
 m - a potion of flight {unknown}
 q - a potion of lignification {unknown}
 r - a potion of curing {unknown}


   Skills:
 + Level 4.0 Dodging
 - Level 2.6 Stealth
 * Level 5.6 Spellcasting
 + Level 5.3 Ice Magic


You had 4 spell levels left.
You knew the following spells:

 Your Spells              Type           Power        Failure   Level
a - Freeze                Ice            ####         1%          1
b - Frozen Ramparts       Ice            ####..       3%          3
c - Ozocubu's Armour      Ice            ####....     3%          3
d - Summon Ice Beast      Ice/Summ       ###.....     34%         4

Your spell library contained the following spells:

 Spells                   Type           Power        Failure   Level
 Hailstorm                Conj/Ice       ###.....     34%         4


Dungeon Overview and Level Annotations

Branches:
Dungeon (3/15)

Altars:
The Shining One

Annotations:
D:2 exclusion: downstairs
D:3 Ijyb


Message History

* * * LOW HITPOINT WARNING * * *
Casting: Freeze (safe; 1% risk of failure)
Confirm with . or Enter, or press ? or * to list all spells.
Aiming: Freeze (safe; 1% risk of failure)
Press: ? - help, Shift-Dir - straight line, f/p - Ijyb
Aim: Ijyb, wearing a +1 leather armour of cold resistance and carrying a wand of disintegration (15) (moderately wounded) Ijyb resists.
You freeze Ijyb.
Ijyb is heavily wounded.
Ijyb zaps a wand.
You are blasted!
The Shining One protects you from harm!
Casting: Freeze (safe; 1% risk of failure)
Confirm with . or Enter, or press ? or * to list all spells.
Aiming: Freeze (safe; 1% risk of failure)
Press: ? - help, Shift-Dir - straight line, f/p - Ijyb
Aim: Ijyb, wearing a +1 leather armour of cold resistance and carrying a wand of disintegration (14) (heavily wounded) Ijyb resists.
You freeze Ijyb.
Ijyb is severely wounded.
Ijyb zaps a wand.
You are blasted!
Ouch! That really hurt!
You die...

...#........
###......#....
#####.. ..#......
..##.....###.....#.#
..........÷÷g......#
#####..#..#..##..#
###<....##..#
#.......g###.#
#...####.@...# #
....## ####..##.###
#.## #.......# ..
##.#.##.# # ##<#.#
#....#
###########...####
......(...(........
####...†.#...#...#


You could see Ijyb.

Vanquished Creatures
  Jessica (D:2)
  Natasha (thrice) (D:2)
  4 adders
  A worm (D:2)
  A dart slug (D:1)
  A leopard gecko (D:1)
  An orc (D:2)
  A ball python (D:3)
  3 bats
  3 giant cockroaches (D:1)
  6 goblins
  3 hobgoblins
  4 jackals (D:2)
  3 frilled lizards
  6 kobolds
  5 rats (D:1)
46 creatures vanquished.

Notes
Turn   | Place    | Note
-------+----------+-------------------------------------------
     0 | D:1      | Queen the Deep Elf Ice Elementalist began the quest for the
                  | Orb.
     0 | D:1      | Reached XP level 1. HP: 10/10 MP: 6/6
   791 | D:1      | Reached XP level 2. HP: 15/15 MP: 6/8
  1483 | D:2      | Found a glowing golden altar of the Shining One.
  1559 | D:2      | Noticed Jessica
  1568 | D:2      | Killed Jessica
  1568 | D:2      | Reached XP level 3. HP: 11/19 MP: 3/10
  1862 | D:2      | Reached XP level 4. HP: 24/24 MP: 8/12
  1869 | D:2      | Learned a level 3 spell: Frozen Ramparts
  1875 | D:2      | Learned a level 3 spell: Ozocubu's Armour
  1880 | D:2      | Noticed Natasha
  2323 | D:2      | Reached skill level 5 in Ice Magic
  2670 | D:2      | Killed Natasha
  2670 | D:2      | Reached skill level 5 in Spellcasting
  2722 | D:2      | Noticed Natasha
  2729 | D:2      | Killed Natasha
  2729 | D:2      | Reached XP level 5. HP: 20/28 MP: 10/14
  2738 | D:2      | Noticed Natasha
  2745 | D:2      | Killed Natasha
  2753 | D:2      | Became a worshipper of the Shining One
  2823 | D:3      | Noticed Ijyb
  3097 | D:2      | Learned a level 4 spell: Summon Ice Beast
  3197 | D:3      | The Shining One protects you from harm!
  3198 | D:3      | Blown up by Ijyb

Illustrated notes

Levels and vault maps discovered:
D:1:      roderic_octagonal_star, layout_basic, minmay_misc_feat_doors
D:2:      layout_basic, overflow_temple_1_default, skrybe_limestone_x,
          uniq_natasha, uniq_jessica
D:3:      layout_rooms, vehumet_crystals, bloody_trog, nrook_mini_backslash,
          uniq_robin, uniq_ijyb

Skill      XL: |  1  2  3  4  5 |
---------------+----------------+-----
Dodging        | 3 4 |  4.0
Spellcasting   | 4 5 |  5.6
Ice Magic      | 5 |  5.3
Stealth        | |  2.6

Action                   |  1- 3 |  4- 6 || total
-------------------------+-------+-------++-------
Melee: Unarmed           |     2 |       ||     2
       Dagger            |     1 |     2 ||     3
 Cast: Freeze            |    45 |    10 ||    55
       Frozen Ramparts   |       |    13 ||    13
 Stab: Sleeping          |     3 |       ||     3
Armor: Robe              |     9 |     1 ||    10
Dodge: Dodged            |    24 |    12 ||    36

Table legend: (Time is in decaauts)
 A = Elapsed time spent in this place.
 B = Non-inter-level travel time spent in this place.
 C = Inter-level travel time spent in this place.
 D = Time resting spent in this place.
 E = Time spent auto-exploring this place.
 F = Levels seen in this place.
 G = Mean time per level.
                   A        B        C        D        E       F      G
               +--------+--------+--------+--------+--------+-----+--------+
         Total |   3204 |   3088 |    116 |   1119 |   1457 |   3 | 1068.0 |
       Dungeon |   3204 |   3088 |    116 |   1119 |   1457 |   3 | 1068.0 |
               +--------+--------+--------+--------+--------+-----+--------+

Top non-repeatable levels by time:
     D:2: 1679 daAuts
     D:1: 1446 daAuts
     D:3: 78 daAuts
